 Dungeon Crawl Stone Soup version 0.26.1-11-gd32895ea62 (webtiles) character file.

Game seed: 10138264604973480655

69365 hawla the Destroyer (level 14, -4/80 HPs)
             Began as a Deep Elf Conjurer on June 4, 2021.
             Was a High Priest of Vehumet.
             Slain by a black mamba (6 damage)
             ... while petrified by a catoblepas
             ... on level 6 of the Lair of Beasts on June 5, 2021.
             The game lasted 01:29:50 (29450 turns).

hawla the Destroyer (Deep Elf Conjurer)            Turns: 29450, Time: 01:29:51

Health: -4/80      AC:  8    Str:  4    XL:     14   Next: 90%
Magic:  33/38      EV:  2    Int: 31    God:    Vehumet [*****.]
Gold:   934        SH:  0    Dex: 13    Spells: 14/39 levels left

rFire    + . .     SeeInvis .   L - staff of cold
rCold    + + .     Faith    .   t - +2 buckler
rNeg     + + +     Spirit   .   T - +1 robe {rC+}
rPois    ∞         Reflect  .   (no helmet)
rElec    .         Harm     .   w - scarf {repulsion}
rCorr    .         Rampage  .   C - +2 pair of gloves
Will     +....                  F - +1 pair of boots (curse)
Stlth    +++.......             k - amulet of magic regeneration
HPRegen  0.23/turn              R - ring of magical power
MPRegen  0.51/turn              M - ring of protection from fire

@: petrified, repel missiles
A: clever 1, low mp 1, MP-powered wands
a: Renounce Religion


You were on level 6 of the Lair of Beasts.
You worshipped Vehumet.
Vehumet was extremely pleased with you.
You visited 3 branches of the dungeon, and saw 22 of its levels.

You collected 1424 gold pieces.
You spent 490 gold pieces at shops.

Inventory:

Missiles
 h - 9 boomerangs
 o - 48 poisoned darts (quivered)
 G - 5 atropa-tipped darts
Armour
 t - a +2 buckler (worn)
 w - a scarf of repulsion (worn)
 C - a +2 pair of gloves (worn)
 F - a cursed +1 pair of boots (worn)
 N - a scarf of invisibility
 T - a +1 robe of cold resistance (worn)
Magical Staves
 L - an uncursed staff of cold (weapon)
Jewellery
 k - an amulet of magic regeneration (around neck)
 n - a +4 ring of protection
 s - an uncursed ring of fire
 y - an uncursed ring of ice
 D - an uncursed ring of positive energy
 I - a +4 ring of protection
 M - a ring of protection from fire (right hand)
 R - a ring of magical power (left hand)
 S - an uncursed ring of ice
 U - an uncursed ring of resist corrosion
Wands
 i - a wand of digging (5)
 A - a wand of flame (5)
 O - a wand of paralysis (9)
 P - a wand of polymorph (7)
 X - a wand of iceblast (8)
Scrolls
 a - 2 scrolls of enchant armour
 d - 5 scrolls of teleportation
 m - 4 scrolls of magic mapping
 p - 2 scrolls of blinking
 v - a scroll of fear
 x - 4 scrolls of enchant weapon
 B - 2 scrolls of fog
 E - a scroll of silence
 H - 4 scrolls of remove curse
 J - a scroll of holy word
 Q - 6 scrolls of identify
 V - a scroll of brand weapon
Potions
 b - 4 potions of haste
 c - 4 potions of magic
 e - 3 potions of lignification
 f - 3 potions of might
 g - 3 potions of cancellation
 j - a potion of resistance
 l - 2 potions of attraction
 q - a potion of ambrosia
 r - 6 potions of curing
 u - 2 potions of flight
 z - a potion of brilliance
 K - a potion of heal wounds
Miscellaneous
 W - a phantom mirror


   Skills:
 + Level 6.0 Fighting
 - Level 0.3 Short Blades
 - Level 12.0 Staves
 - Level 4.0 Throwing
 - Level 9.0 Dodging
 - Level 6.0 Stealth
 - Level 4.0 Shields
 + Level 13.0 Spellcasting
 + Level 14.0 Conjurations
 + Level 10.0 Translocations
 + Level 0.9 Fire Magic
 + Level 9.0 Ice Magic
 + Level 0.9 Earth Magic
 + Level 2.3 Evocations


You had 14 spell levels left.
You knew the following spells:

 Your Spells              Type           Power        Failure   Level
a - Magic Dart            Conj           100%         0%          1
b - Searing Ray           Conj           100%         0%          2
c - Iskenderun's Mystic   Conj/Tloc      76%          1%          4
d - Freeze                Ice            100%         1%          1
e - Frozen Ramparts       Ice            100%         1%          3
f - Hailstorm             Conj/Ice       95%          1%          4
g - Conjure Flame         Conj/Fire      61%          1%          3
h - Blink                 Tloc           N/A          1%          2
i - Bolt of Magma         Conj/Fire/Erth 26%          2%          5

Your spell library contained the following spells:

 Spells                   Type           Power        Failure   Level
 Apportation              Tloc           100%         1%          1
 Dazzling Flash           Conj/Hex       100%         1%          3
 Mephitic Cloud           Conj/Pois/Air  49%          1%          3
 Ozocubu's Armour         Ice            86%          1%          3
 Fulminant Prism          Conj/Hex       29%          1%          4
 Animate Skeleton         Necr           40%          2%          1
 Corona                   Hex            22%          2%          1
 Pain                     Necr           80%          2%          1
 Summon Small Mammal      Summ           80%          2%          1
 Call Imp                 Summ           20%          3%          2
 Slow                     Hex            20%          3%          2
 Summon Ice Beast         Ice/Summ       64%          3%          4
 Vampiric Draining        Necr           10%          7%          3
 Animate Dead             Necr           10%          24%         4
 Agony                    Necr           20%          54%         5


Dungeon Overview and Level Annotations

Branches:
Dungeon (15/15)            Temple (1/1) D:7            Lair (6/6) D:8
 Shoals (0/4) Lair:4        Snake (0/4) Lair:4        Slime (0/5) Lair:5
 Vaults (0/5) D:14         Depths (0/5) D:15
    Orc: D:9-12

Altars:
Ashenzari
Cheibriados
Dithmenos
Elyvilon
Fedhas
Gozag
Hepliaklqana
Kikubaaqudgha
Makhleb
Nemelex Xobeh
Okawaru
Qazlal
Ru
Sif Muna
Trog
Uskayaw
Vehumet
Wu Jian
Xom
Yredelemnul
Zin
The Shining One
Jiyva

Shops:
D:8 :   D:10 (   D:11 (

Portals:
Trove: D:14 (give +8 demon trident)


Innate Abilities, Weirdness & Mutations

Your mind is acute. (Int +2)
Your magical capacity is low. (-10% MP)
You expend magic power (3 MP) to strengthen your wands.


Message History

The dream sheep is engulfed in calcifying dust.
The dream sheep stops moving altogether!
The catoblepas gores you!! The black mamba closely misses you.
The dream sheep moves out of view.
The dream sheep bleats!
The cane toad gives a loud, deep croak!
You have turned to stone.
You are engulfed in calcifying dust.
The black mamba bites you! The dream sheep bites you.
The catoblepas gores you!!
You are engulfed in calcifying dust.
The black mamba bites you! The dream sheep bites you!
* * * LOW HITPOINT WARNING * * *
The black mamba bites you!
* * * LOW HITPOINT WARNING * * *
The catoblepas gores you but does no damage.
You are engulfed in calcifying dust.
The black mamba bites you!
* * * LOW HITPOINT WARNING * * *
The dream sheep bites you!
* * * LOW HITPOINT WARNING * * *
The black mamba bites you!
You die...

##### ♣♣♣# ####.#P## ♣
♣♣..###.#....P###
♣.♣...##..........####
♣..S.##...........#.#
♣♣♣Y@..#...........##
♣YY§.#............#
♣.Y...##.........##
♣♣...####..........
♣..F.Y§##.#........#
♣♣.....#####.....#..
♣......# ##.#.#...
♣....... #######.
♣♣♣...... ##


You could see a catoblepas, a black mamba, a cane toad and 4 dream sheep.

Vanquished Creatures
  Rupert (D:14)
  A juggernaut zombie (D:15)
  Nessos (D:13)
  Fannar (Lair:2)
  4 boulder beetles
  2 vault guards (D:14)
  Harold (D:9)
  A centaur warrior (D:14)
  7 hydras
  3 two-headed ogres (D:12)
  A tengu warrior (D:13)
  The ghost of pcat the Thaumaturge, a journeyman DECj of Vehumet (D:11)
  A skeletal warrior (D:15)
  A shadow wraith (D:14)
  A spark wasp zombie (D:15)
  A flayed ghost (D:15)
  2 unseen horrors
  A lindwurm (Lair:4)
  2 orc knights
  A necromancer (D:15)
  A wolf spider zombie (D:15)
  2 deep elf magi
  2 manticores
  3 cyclopes
  A stone giant zombie (D:15)
  7 ugly things
  5 elephants (Lair:5)
  Joseph (D:7)
  4 black mambas
  3 gargoyles (D:14)
  9 cane toads
  A kobold demonologist (D:13)
  2 efreet
  8 komodo dragons
  A redback zombie (D:15)
  2 tengu conjurers
  3 rime drakes
  A guardian mummy (D:15)
  6 trolls
  2 hornets
  2 polar bears
  Prince Ribbit (D:5)
  7 slime creatures
  A spriggan zombie (D:15)
  8 blink frogs
  A dream sheep (Lair:6)
  2 meliai zombies
  A shadow (D:15)
  A water elemental (D:14)
  A wraith (D:14)
  35 yaks
  5 spriggans
  6 wyverns
  7 basilisks
  Eustachio (D:4)
  4 vampire mosquitoes (D:15)
  A steam dragon (D:11)
  Edmund (D:5)
  A warg (Lair:3)
  3 nagas (Lair:4)
  A soldier ant (D:12)
  2 acid dragons
  12 water moccasins
  Duvessa (D:5)
  6 ice beasts
  A swamp drake (D:8)
  2 sky beasts
  9 orc warriors
  An eye of draining (D:10)
  3 hornet zombies
  4 phantoms
  5 black bears
  5 centaurs
  A necrophage (D:13)
  8 wolves
  6 ogres
  A big kobold (D:8)
  Blork the orc (D:5)
  18 bullfrogs
  A wyvern skeleton (D:13)
  4 scorpions
  Dowan (D:5)
  15 killer bees
  13 wights
  6 howler monkeys
  9 electric eels
  5 centaur zombies
  2 bullfrog zombies
  A quasit (D:9)
  2 bullfrog skeletons
  8 orc priests
  8 hounds
  3 jellies
  6 centaur skeletons
  3 iguanas
  Ijyb (D:5)
  7 hell rats (Lair:2)
  12 orc wizards
  15 worker ants
  2 worker ant zombies
  3 gnolls (D:4)
  4 adders
  3 shadow imps
  2 white imps
  2 ufetubi (D:5)
  An ooze (D:3)
  2 adder skeletons
  An adder zombie (D:7)
  3 worms
  3 dart slugs
  3 leopard geckos
  51 orcs
  3 ball pythons
  2 giant cockroaches (D:3)
  8 goblins
  6 hobgoblins
  10 jackals
  18 kobolds
  2 quokkas
  8 bats
  7 frilled lizards
  A jackal zombie (D:9)
  6 rats
  2 butterflies (Lair:3)
549 creatures vanquished.

Vanquished Creatures (others)
  An orc wizard (D:10)
  29 fungi
  59 plants
  5 withered plants (D:15)
94 creatures vanquished.

Grand Total: 643 creatures vanquished

Notes
Turn   | Place    | Note
-------+----------+-------------------------------------------
     0 | D:1      | hawla the Deep Elf Conjurer began the quest for the Orb.
     0 | D:1      | Reached XP level 1. HP: 10/10 MP: 6/6
   167 | D:1      | Reached XP level 2. HP: 8/16 MP: 1/8
   349 | D:1      | Learned a level 2 spell: Searing Ray
   597 | D:1      | Reached skill level 1 in Translocations
  1494 | D:2      | Reached XP level 3. HP: 20/20 MP: 7/10
  1562 | D:2      | Reached skill level 1 in Fighting
  3281 | D:3      | Reached skill level 5 in Conjurations
  3281 | D:3      | Reached XP level 4. HP: 25/25 MP: 9/12
  3286 | D:3      | Learned a level 4 spell: Iskenderun's Mystic Blast
  4338 | D:4      | Reached XP level 5. HP: 29/29 MP: 9/13
  4634 | D:4      | Reached skill level 6 in Conjurations
  4866 | D:4      | Noticed Eustachio
  4876 | D:4      | Killed Eustachio
  4877 | D:4      | Reached skill level 7 in Conjurations
  4877 | D:4      | Reached XP level 6. HP: 34/34 MP: 4/14
  5105 | D:5      | Entered Level 5 of the Dungeon
  5117 | D:5      | Noticed Blork the orc
  5171 | D:5      | Killed Blork the orc
  5239 | D:5      | Noticed Prince Ribbit
  5410 | D:5      | Reached XP level 7. HP: 33/38 MP: 10/16
  5415 | D:5      | Reached skill level 1 in Throwing
  5550 | D:5      | Noticed Ijyb
  5559 | D:5      | Killed Ijyb
  5765 | D:5      | Reached skill level 5 in Spellcasting
  6059 | D:5      | Noticed Duvessa
  6061 | D:5      | Noticed Dowan
  6062 | D:5      | Noticed Edmund
  6066 | D:5      | Killed Dowan
  6068 | D:5      | Killed Duvessa
  6340 | D:5      | Reached skill level 1 in Staves
  6882 | D:5      | Killed Prince Ribbit
  6883 | D:5      | Reached XP level 8. HP: 37/43 MP: 12/19
  6994 | D:5      | Killed Edmund
  6995 | D:5      | Reached skill level 8 in Conjurations
  8440 | D:7      | Found an iron altar of Okawaru.
  8465 | D:7      | Reached XP level 9. HP: 41/48 MP: 6/22
  8472 | D:7      | Noticed Joseph
  8475 | D:7      | Found a staircase to the Ecumenical Temple.
  8499 | D:7      | Killed Joseph
  8500 | D:7      | Reached skill level 5 in Dodging
  8500 | D:7      | Reached skill level 9 in Conjurations
  8935 | Temple   | Entered the Ecumenical Temple
  8966 | Temple   | Became a worshipper of Vehumet
 10220 | D:8      | Found Hochigoh's Book Shoppe.
 10359 | D:8      | Reached skill level 1 in Evocations
 10387 | D:8      | Noticed a komodo dragon
 10393 | D:8      | Killed a komodo dragon
 10414 | D:8      | Reached * piety under Vehumet
 10414 | D:8      | Offered knowledge of Sandblast by Vehumet.
 10415 | D:8      | Reached skill level 5 in Translocations
 10586 | D:8      | Reached XP level 10. HP: 37/55 MP: 25/25
 10810 | D:8      | Found a staircase to the Lair.
 10961 | D:8      | Got a pair of masterwork gloves
 10971 | D:8      | Identified the cursed -4 pair of gloves "Ovoann" {Harm
                  | Will+ Int-3 Slay+4} (You found it on level 8 of the
                  | Dungeon)
 11023 | D:8      | Found a sparkling altar of Nemelex Xobeh.
 11261 | D:9      | Reached skill level 10 in Conjurations
 11288 | D:9      | Noticed Harold
 11293 | D:9      | Noticed a deep elf mage
 11298 | D:9      | Killed Harold
 11636 | D:9      | Killed a deep elf mage
 11637 | D:9      | Reached skill level 10 in Spellcasting
 12305 | D:10     | Entered Level 10 of the Dungeon
 12634 | D:10     | Reached skill level 5 in Staves
 12822 | D:10     | Offered knowledge of Freeze by Vehumet.
 12887 | D:10     | Learned a level 1 spell: Freeze
 12967 | D:8      | Bought a book of Frost for 490 gold pieces
 13021 | D:10     | Reached ** piety under Vehumet
 13096 | D:10     | Noticed an orc knight
 13113 | D:10     | Killed an orc knight
 13114 | D:10     | Reached skill level 5 in Stealth
 13265 | D:10     | Reached skill level 1 in Ice Magic
 13543 | D:10     | You fall into a shaft and drop 2 floors!
 13557 | D:11     | Reached XP level 11. HP: 58/60 MP: 14/28
 13557 | D:11     | Offered knowledge of Static Discharge by Vehumet.
 13566 | D:11     | Reached *** piety under Vehumet
 13569 | D:11     | Found a runed translucent door.
 13651 | D:11     | Found a stormy altar of Qazlal.
 13672 | D:11     | Noticed pcat's ghost (journeyman DECj)
 13673 | D:11     | Identified the +5 trident of the Lamprey {vorpal, Dex+4}
 13706 | D:11     | Reached skill level 11 in Conjurations
 13849 | D:11     | Found a runed translucent door.
 13914 | D:10     | Offered knowledge of Olgreb's Toxic Radiance by Vehumet.
 13984 | D:10     | Found Luax's Weapon Shoppe.
 14357 | D:11     | Gained mutation: Your magical capacity is low. (-10% MP)
                  | [potion of mutation]
 14357 | D:11     | Gained mutation: You are agile. (Dex +2) [potion of
                  | mutation]
 14358 | D:11     | Lost mutation: You are agile. (Dex +2) [potion of mutation]
 14358 | D:11     | Gained mutation: You expend magic power (3 MP) to
                  | strengthen your wands. [potion of mutation]
 14358 | D:11     | Gained mutation: Your mind is acute. (Int +2) [potion of
                  | mutation]
 14433 | D:11     | Found Kugred's Weapon Boutique.
 14512 | D:11     | Learned a level 3 spell: Frozen Ramparts
 14540 | D:11     | Found a runed translucent door.
 14760 | D:12     | Noticed a two-headed ogre
 14767 | D:12     | Noticed a two-headed ogre
 14770 | D:12     | Killed a two-headed ogre
 14775 | D:12     | Killed a two-headed ogre
 15382 | D:12     | Reached **** piety under Vehumet
 15514 | D:12     | Offered knowledge of Lightning Bolt by Vehumet.
 15799 | D:12     | Noticed a two-headed ogre
 15813 | D:12     | Killed a two-headed ogre
 16205 | D:13     | Found a burning altar of Makhleb.
 16205 | D:13     | Noticed Nessos
 16453 | D:12     | Learned a level 4 spell: Hailstorm
 16454 | D:13     | Noticed a green ugly thing
 16689 | D:12     | Killed a green ugly thing
 16690 | D:12     | Reached skill level 12 in Conjurations
 16754 | D:13     | Killed Nessos
 16755 | D:13     | Reached XP level 12. HP: 53/66 MP: 13/27
 16892 | D:13     | Noticed a tengu warrior
 16899 | D:13     | Killed a tengu warrior
 16900 | D:13     | Reached skill level 1 in Shields
 18012 | D:14     | Reached skill level 13 in Conjurations
 18015 | D:14     | Reached ***** piety under Vehumet
 18015 | D:14     | Offered knowledge of Eringya's Noxious Bog by Vehumet.
 18237 | D:14     | Noticed a centaur warrior
 18240 | D:14     | Killed a centaur warrior
 18241 | D:14     | Noticed Rupert
 18569 | D:14     | Killed Rupert
 18570 | D:14     | Reached XP level 13. HP: 51/72 MP: 11/29
 19267 | D:14     | Reached skill level 5 in Fighting
 19347 | D:14     | Reached skill level 5 in Ice Magic
 19351 | D:14     | Found a portal to a secret trove of treasure.
 20127 | D:14     | Found a gate to the Vaults.
 20348 | D:15     | Entered Level 15 of the Dungeon
 21382 | D:11     | Killed pcat's ghost
 21542 | D:15     | Learned a level 3 spell: Conjure Flame
 21545 | D:15     | Learned a level 2 spell: Blink
 21581 | D:15     | Found a staircase to the Depths.
 21612 | D:15     | Reached XP level 14. HP: 48/79 MP: 4/29
 22285 | D:15     | Found a blossoming altar of Fedhas.
 22989 | Lair:1   | Entered Level 1 of the Lair of Beasts
 23012 | Lair:1   | Reached skill level 10 in Translocations
 23341 | Lair:1   | Reached skill level 10 in Staves
 24657 | Lair:2   | Offered knowledge of Bolt of Magma by Vehumet.
 24666 | Lair:2   | Learned a level 5 spell: Bolt of Magma
 25016 | Lair:2   | Noticed Fannar
 25032 | Lair:2   | Reached skill level 14 in Conjurations
 25032 | Lair:2   | Killed Fannar
 27350 | Lair:4   | Found a staircase to the Snake Pit.
 27465 | Lair:4   | Found a staircase to the Shoals.
 28637 | Lair:5   | Found a staircase to the Slime Pits.
 28637 | Lair:5   | Found a viscous altar of Jiyva.
 29275 | Lair:6   | Entered Level 6 of the Lair of Beasts
 29450 | Lair:6   | HP: 2/80 [dream sheep (5)]
 29450 | Lair:6   | Slain by a black mamba

Illustrated notes

Levels and vault maps discovered:
D:1:      minmay_arrival_stone_box, layout_basic,
          amcnicky_mini_rare_corridor_liquid
D:2:      layout_basic, minmay_circle_x
D:3:      layout_loops_corners
D:4:      layout_basic, uniq_eustachio
D:5:      layout_cave_pods, serial_glass, glass_columns_c, glass_columns_a,
          uniq_prince_ribbit1, uniq_duvessa, uniq_blork_the_orc, uniq_ijyb,
          uniq_edmund
D:6:      layout_loops_cross
D:7:      layout_gridville, minmay_temple_entry_proselytizer, okawaru_trees_2,
          uniq_joseph
D:8:      layout_loops_cross, nemelex_xobeh_ov_fountains_minmay,
          erik_lair_dragon, serial_shops, nicolae_shop_window_shopping
D:9:      layout_roguey, kennysheep_generic_room_15, uniq_harold
D:10:     layout_loops_cross, erik_orc_2, serial_shops, shop_fountains
D:11:     cheibrodos_histonic, layout_basic, serial_shops, shop, basic_altar,
          ebering_ghost_funeral_grove
D:12:     layout_stronghold
D:13:     layout_irregular_city, basic_altar, uniq_nessos
D:14:     layout_rooms, david_vaults_5, kennysheep_boxes, enter_trove_5,
          kennysheep_generic_room_9, uniq_rupert
D:15:     gammafunk_depths_entry_grave, layout_irregular_city, fedhas_altar_2,
          hangedman_abyss_or_decor_stabs
Temple:   nicolae_temple_the_god_donut
Lair:1:   layout_regular_city, grunt_megastairs_3
Lair:2:   layout_gridlike, uniq_fannar
Lair:3:   beast_lair_carwin_large_3, layout_regular_city, lemuel_fruit_fields
Lair:4:   layout_regular_city, elwin_shoals_entry_rocks,
          minmay_snake_entry_guardpost_small, wad_woods_02
Lair:5:   layout_cave_pods, slime_altar_1, serial_bayou_shore_a,
          grunt_megastairs_1
Lair:6:   evil_forest, layout_cave_pods

Skill      XL: |  1  2  3  4  5  6  7  8  9 10 11 12 13 14 |
---------------+-------------------------------------------+-----
Translocations | 1 2 3 4 5 6 7 8 9 10 | 10.0
Fighting       | 1 2 3 4 5 6 |  6.0
Spellcasting   | 4 6 7 9 11 12 13 | 13.0
Conjurations   | 5 7 8 9 10 12 13 14 | 14.0
Throwing       | 2 3 4 |  4.0
Dodging        | 3 4 6 8 9 |  9.0
Stealth        | 3 4 5 6 |  6.0
Staves         | 1 2 3 5 6 9 12 | 12.0
Evocations     | 1 2 |  2.3
Ice Magic      | 1 2 4 7 9 |  9.0
Shields        | 2 4 |  4.0
Short Blades   | |  0.3
Fire Magic     | |  0.9
Earth Magic    | |  0.9

Action                   |  1- 3 |  4- 6 |  7- 9 | 10-12 | 13-15 || total
-------------------------+-------+-------+-------+-------+-------++-------
Melee: Unarmed           |     3 |       |       |       |       ||     3
       Dagger            |    37 |       |       |       |       ||    37
       Quarterstaff      |       |     7 |    66 |    38 |       ||   111
       Staff             |       |       |       |    91 |   153 ||   244
Throw: Dart              |     7 |    14 |    15 |    36 |    39 ||   111
 Cast: Magic Dart        |    20 |    10 |    21 |    20 |     9 ||    80
       Searing Ray       |    36 |    28 |    50 |    84 |    93 ||   291
       Iskenderun's Myst |       |     2 |    22 |   133 |   221 ||   378
       Freeze            |       |       |       |    13 |    11 ||    24
       Frozen Ramparts   |       |       |       |     8 |    20 ||    28
       Hailstorm         |       |       |       |    16 |    33 ||    49
       Conjure Flame     |       |       |       |       |     1 ||     1
Evoke: Wand              |       |       |     6 |     4 |     9 ||    19
  Use: Scroll            |     6 |     4 |    13 |    14 |     7 ||    44
       Potion            |       |       |     4 |    10 |     8 ||    22
 Stab: Sleeping          |     1 |       |       |     3 |     4 ||     8
       Distracted        |       |       |       |       |     1 ||     1
Armor: Robe              |    12 |     8 |    20 |    34 |    38 ||   112
       Skin              |       |       |     3 |       |     5 ||     8
Dodge: Dodged            |    19 |    21 |    99 |   168 |   168 ||   475
       Repelled          |       |     1 |     2 |     4 |     2 ||     9
Block: Buckler           |       |       |       |    27 |    75 ||   102
